 Dungeon Crawl Stone Soup version 0.28-a0-793-g31680bbd8b (webtiles) character file.

Game seed: 3152787423742580588

1435 siradein the Slasher (level 8, -5/67 HPs)
             Began as a Gnoll Berserker on Nov 5, 2021.
             Was a Priest of Trog.
             Killed by divine providence
             ... invoked by an orc priest
              (11 damage)
             ... on level 5 of the Dungeon.
             The game lasted 00:13:24 (5134 turns).

siradein the Slasher (Gnoll Berserker)              Turns: 5134, Time: 00:13:25

Health: -5/67      AC: 15    Str: 17    XL:     8   Next: 73%
Magic:  13/13      EV:  9    Int:  7    God:    Trog [***...]
Gold:   156        SH:  0    Dex: 13    Spells: 14/14 levels left

rFire   . . .      SeeInvis .   A - +0 spear (freeze)
rCold   . . .      Faith    .   (no shield)
rNeg    . . .      Spirit   .   l - +0 chain mail
rPois   .          Reflect  .   o - +0 helmet
rElec   .          Harm     .   (no cloak)
rCorr   .          Rampage  .   s - +0 pair of gloves
Will    +++..                   b - +2 pair of boots
Stlth   ..........              (no amulet)
HPRegen 1.21/turn               B - ring of willpower
MPRegen 0.13/turn               (no ring)

@: strong-willed, on berserk cooldown, regenerating, slowed, very slow
A: fangs 1, strong nose, distributed training
a: Renounce Religion, Berserk, Trog's Hand


You were on level 5 of the Dungeon.
You worshipped Trog.
Trog was most pleased with you.
You visited 1 branch of the dungeon, and saw 5 of its levels.

You collected 156 gold pieces.

Inventory:

Hand Weapons
 a - a +0 falchion
 y - a +0 morningstar
 A - a +0 spear of freezing (weapon)
Missiles
 q - 3 atropa-tipped darts (quivered)
Armour
 b - a +2 pair of boots (worn)
 l - a +0 chain mail (worn)
 o - a +0 helmet (worn)
 s - a +0 pair of gloves (worn)
Jewellery
 x - a ring of magical power
 B - a ring of willpower (left hand)
Wands
 f - a wand of polymorph (10)
 z - a wand of digging (7)
Scrolls
 e - 3 scrolls of identify
 h - 2 scrolls of amnesia {unknown}
 i - a scroll of holy word {unknown}
 n - 2 scrolls of teleportation {unknown}
 t - a scroll of enchant weapon {unknown}
 u - a scroll of immolation
 v - a scroll of vulnerability {unknown}
 w - a scroll of noise {unknown}
Potions
 c - 2 potions of attraction {unknown}
 g - a potion of haste {unknown}
 j - a potion of invisibility {unknown}
 k - a potion of ambrosia {unknown}
 m - 2 potions of curing {unknown}
 p - a potion of heal wounds
 r - 2 potions of cancellation {unknown}


   Skills:
 + Level 7.5 Fighting
 + Level 3.5 Short Blades
 + Level 7.5 Long Blades
 + Level 3.5 Axes
 + Level 3.5 Maces & Flails
 + Level 3.5 Polearms
 + Level 3.5 Staves
 + Level 3.5 Slings
 + Level 3.5 Bows
 + Level 3.5 Crossbows
 + Level 3.5 Throwing
 + Level 5.8 Armour
 + Level 5.8 Dodging
 + Level 3.5 Stealth
 + Level 3.5 Shields
 + Level 3.5 Unarmed Combat
 + Level 3.5 Spellcasting
 + Level 2.9 Conjurations
 + Level 2.9 Hexes
 + Level 2.9 Summonings
 + Level 2.9 Necromancy
 + Level 2.9 Translocations
 + Level 2.9 Transmutations
 + Level 2.9 Fire Magic
 + Level 2.9 Ice Magic
 + Level 2.9 Air Magic
 + Level 2.9 Earth Magic
 + Level 2.9 Poison Magic
 + Level 3.9 Invocations
 + Level 3.5 Evocations


You had 14 spell levels left.
You didn't know any spells.
Your spell library was empty.

Dungeon Overview and Level Annotations

Branches:
Dungeon (5/15)
 Temple: D:4-7

Altars:
Cheibriados
Fedhas
Qazlal
Sif Muna
The Shining One

Annotations:
D:4 1 runed translucent door, Crazy Yiuf, Menkaure


Innate Abilities, Weirdness & Mutations

You have very sharp teeth.
Your uncanny sense of smell can sniff out nearby items.
Your experience applies equally to all skills.


Message History

You see here a +0 hand axe.
Unknown command.
You hit the orc warrior. You freeze the orc warrior.
Your bite misses the orc warrior.
The orc warrior is severely wounded.
You feel sick.
The orc warrior hits you with a +0 flail.
* * * LOW HITPOINT WARNING * * *
You hit the orc warrior. You freeze the orc warrior.
The orc warrior is almost dead.
You feel sick.
You closely miss the orc warrior.
The orc warrior is almost dead.
You feel sick.
The orc warrior hits you but does no damage.
You closely miss the orc warrior.
The orc warrior is almost dead.
You feel sick.
You hit the orc warrior. You freeze the orc warrior.
You kill the orc warrior!
Trog accepts your kill.
You hit the orc priest. You freeze the orc priest.
The orc priest is moderately wounded.
You are no longer berserk.
You are exhausted.
You feel yourself slow down.
You feel sick.
The orc priest miscasts a cantrip.
You hit the orc priest but do no damage.
You bite the orc priest, but do no damage.
The orc priest is moderately wounded.
You feel sick.
The orc priest hits you but does no damage.
Your skin crawls.
You feel strong-willed.
You feel sick.
You are no longer poisoned.
The orc priest hits you but does no damage.
The orc priest invokes the aid of Beogh against you.
Beogh smites you!
You die...

***,,,**....,*.....#..#.)#.....#.
***,*,,,.....,......#####........
,,*,**,,>....#,....#..#..#.....#.
*,,,**,#......#...#...#...#...#..
**,,,*,#.......###...#.#...###...
,,*,,,,#......#o.#..#...#..#..#..
*,,,,,,......#...###.....###...#.
,,,,,,,........o#..#.....#..#....
,,,,,,,......o.#@..#.†...#...#...
****,,,........)..#.#...#.#......
≈*∩*,,,..........#...#.#)..#.....
≈*≈*,**##.#[.....................
≈*≈*,***.<#.................#####
≈*≈*,**,,*###################
**≈*,**,** ≈≈≈*,**,* ****,**,*


You could see an orc priest and an orc wizard.

Vanquished Creatures
  Sigmund (D:2)
  A water moccasin (D:5)
  2 black bears (D:4)
  An orc warrior (D:5)
  2 ogres
  2 phantoms
  A scorpion (D:4)
  A jelly (D:4)
  A hound (D:5)
  An orc priest (D:4)
  2 iguanas (D:4)
  Natasha (thrice) (D:2)
  An orc wizard (D:4)
  A hound skeleton (D:2)
  Robin (D:3)
  7 gnolls (D:4)
  7 adders
  A worm (D:2)
  3 dart slugs
  8 orcs
  9 ball pythons
  10 endoplasms
  A giant cockroach (D:3)
  8 hobgoblins
  6 jackals
  2 quokkas (D:3)
  5 bats
  3 frilled lizards
  15 goblins
  9 kobolds
  8 rats
123 creatures vanquished.

Notes
Turn   | Place    | Note
-------+----------+-------------------------------------------
     0 | D:1      | siradein the Gnoll Berserker began the quest for the Orb.
     0 | D:1      | Reached XP level 1. HP: 23/23 MP: 1/1
   179 | D:1      | Reached XP level 2. HP: 25/29 MP: 2/2
   556 | D:1      | Reached XP level 3. HP: 17/35 MP: 3/3
  1132 | D:2      | Found a faded altar of an unknown god.
  1136 | D:2      | Noticed Natasha
  1150 | D:2      | Killed Natasha
  1151 | D:2      | Reached skill level 1 in Short Blades
  1151 | D:2      | Reached skill level 1 in Axes
  1151 | D:2      | Reached skill level 1 in Maces & Flails
  1151 | D:2      | Reached skill level 1 in Polearms
  1151 | D:2      | Reached skill level 1 in Staves
  1151 | D:2      | Reached skill level 1 in Slings
  1151 | D:2      | Reached skill level 1 in Bows
  1151 | D:2      | Reached skill level 1 in Crossbows
  1151 | D:2      | Reached skill level 1 in Throwing
  1151 | D:2      | Reached skill level 1 in Stealth
  1151 | D:2      | Reached skill level 1 in Shields
  1151 | D:2      | Reached skill level 1 in Unarmed Combat
  1151 | D:2      | Reached skill level 1 in Spellcasting
  1151 | D:2      | Reached skill level 1 in Invocations
  1151 | D:2      | Reached skill level 1 in Evocations
  1151 | D:2      | Reached XP level 4. HP: 28/41 MP: 5/5
  1405 | D:2      | Noticed Sigmund
  1443 | D:2      | Killed Sigmund
  1444 | D:2      | Reached skill level 1 in Conjurations
  1444 | D:2      | Reached skill level 1 in Hexes
  1444 | D:2      | Reached skill level 1 in Summonings
  1444 | D:2      | Reached skill level 1 in Necromancy
  1444 | D:2      | Reached skill level 1 in Translocations
  1444 | D:2      | Reached skill level 1 in Transmutations
  1444 | D:2      | Reached skill level 1 in Fire Magic
  1444 | D:2      | Reached skill level 1 in Ice Magic
  1444 | D:2      | Reached skill level 1 in Air Magic
  1444 | D:2      | Reached skill level 1 in Earth Magic
  1444 | D:2      | Reached skill level 1 in Poison Magic
  1444 | D:2      | Reached XP level 5. HP: 17/47 MP: 5/7
  1444 | D:2      | Reached XP level 6. HP: 19/53 MP: 5/8
  1709 | D:2      | Reached ** piety under Trog
  2377 | D:2      | Noticed Natasha
  2396 | D:2      | Killed Natasha
  2397 | D:2      | Reached skill level 5 in Armour
  2397 | D:2      | Reached skill level 5 in Dodging
  2424 | D:2      | Noticed Natasha
  2434 | D:2      | Killed Natasha
  2808 | D:3      | Noticed Robin
  2848 | D:3      | Killed Robin
  2901 | D:3      | Reached *** piety under Trog
  3598 | D:4      | Found a blossoming altar of Fedhas.
  3598 | D:4      | Found a stormy altar of Qazlal.
  3730 | D:4      | Noticed a black bear
  3732 | D:4      | Noticed a black bear
  3749 | D:4      | Killed a black bear
  3750 | D:4      | Reached XP level 7. HP: 60/60 MP: 10/10
  3972 | D:4      | Found a snail-covered altar of Cheibriados.
  3973 | D:4      | Found a shimmering blue altar of Sif Muna.
  3973 | D:4      | Found a glowing golden altar of the Shining One.
  4061 | D:4      | Reached XP level 8. HP: 65/67 MP: 12/12
  4168 | D:4      | Found a runed translucent door.
  4168 | D:4      | Noticed Menkaure
  4169 | D:4      | Noticed Crazy Yiuf
  4397 | D:4      | HP: 2/67 [gnoll (9)]
  4989 | D:5      | Entered Level 5 of the Dungeon
  5134 | D:5      | Killed from afar by an orc priest

Illustrated notes

Levels and vault maps discovered:
D:1:      psy_arrival_terrarium, layout_basic, minmay_misc_feat_square,
          minmay_heptomino_o4
D:2:      minmay_chambers_of_twos, layout_basic,
          hellmonk_ecumenical_altar_blasted, grunt_decor_arrowhead,
          uniq_sigmund, uniq_natasha
D:3:      layout_basic, uniq_robin
D:4:      layout_basic, grunt_temple_overflow_forces_of_nature,
          gammafunk_temple_overflow_claw, uniq_crazy_yiuf_cottage, uniq_menkaure
D:5:      layout_rooms, lightli_sewer_entry_pipes, minmay_splitting_lines

Skill      XL: |  1  2  3  4  5  6  7  8 |
---------------+-------------------------+-----
Short Blades   | 1 2 3 |  3.5
Axes           | 1 2 3 |  3.5
Maces & Flails | 1 2 3 |  3.5
Polearms       | 1 2 3 |  3.5
Staves         | 1 2 3 |  3.5
Slings         | 1 2 3 |  3.5
Bows           | 1 2 3 |  3.5
Crossbows      | 1 2 3 |  3.5
Throwing       | 1 2 3 |  3.5
Stealth        | 1 2 3 |  3.5
Shields        | 1 2 3 |  3.5
Unarmed Combat | 1 2 3 |  3.5
Spellcasting   | 1 2 3 |  3.5
Invocations    | 1 2 3 |  3.9
Evocations     | 1 2 3 |  3.5
Conjurations   | 1 2 |  2.9
Hexes          | 1 2 |  2.9
Summonings     | 1 2 |  2.9
Necromancy     | 1 2 |  2.9
Translocations | 1 2 |  2.9
Transmutations | 1 2 |  2.9
Fire Magic     | 1 2 |  2.9
Ice Magic      | 1 2 |  2.9
Air Magic      | 1 2 |  2.9
Earth Magic    | 1 2 |  2.9
Poison Magic   | 1 2 |  2.9
Armour         | 5 |  5.8
Dodging        | 5 |  5.8
Fighting       | 7 |  7.5
Long Blades    | 7 |  7.5

Action                   |  1- 3 |  4- 6 |  7- 9 || total
-------------------------+-------+-------+-------++-------
Melee: Falchion          |    81 |   209 |    81 ||   371
       Bite              |     5 |    28 |    17 ||    50
       Unarmed           |       |     4 |       ||     4
       Punch             |       |     1 |     2 ||     3
       Spear             |       |       |    63 ||    63
       Morningstar       |       |       |    24 ||    24
Invok: Berserk           |       |     2 |     5 ||     7
       Trog's Hand       |       |       |     2 ||     2
  Use: Scroll            |       |     1 |     2 ||     3
Armor: Animal skin       |     2 |       |       ||     2
       Plate armour      |    31 |    50 |       ||    81
       Chain mail        |       |   100 |    96 ||   196
       Skin              |       |     1 |       ||     1
Dodge: Dodged            |    29 |    71 |    82 ||   182

Table legend: (Time is in decaauts)
 A = Elapsed time spent in this place.
 B = Non-inter-level travel time spent in this place.
 C = Inter-level travel time spent in this place.
 D = Time resting spent in this place.
 E = Time spent auto-exploring this place.
 F = Levels seen in this place.
 G = Mean time per level.
                   A        B        C        D        E       F      G
               +--------+--------+--------+--------+--------+-----+--------+
         Total |   5173 |   4861 |    312 |    425 |   3459 |   5 | 1034.6 |
       Dungeon |   5173 |   4861 |    312 |    425 |   3459 |   5 | 1034.6 |
               +--------+--------+--------+--------+--------+-----+--------+

Top non-repeatable levels by time:
     D:2: 1624 daAuts
     D:3: 1222 daAuts
     D:1: 1156 daAuts
     D:4: 1036 daAuts
     D:5: 134 daAuts
